 Dungeon Crawl Stone Soup version 0.27.1-1-g398f81649c (webtiles) character file.

Game seed: 14696326609703496908

88 funkygono the Firebug (level 4, 0/24 HPs)
             Began as a Gargoyle Fire Elementalist on Sept 11, 2021.
             Slain by Crazy Yiuf (4 damage)
             ... on level 3 of the Dungeon.
             The game lasted 00:05:50 (3484 turns).

funkygono the Firebug (Gargoyle Fire Elementalist)  Turns: 3484, Time: 00:05:52

Health: 0/24       AC:  6    Str: 11    XL:     4   Next: 54%
Magic:  0/8        EV: 12    Int: 17    God:
Gold:   115        SH:  0    Dex: 10    Spells: 0/8 levels left

rFire    . . .     SeeInvis .   c - +1 mace
rCold    . . .     Faith    .   (no shield)
rNeg     + . .     Spirit   .   a - +1 robe
rPois    ∞         Reflect  .   (no helmet)
rElec    +         Harm     .   (no cloak)
rCorr    .         Rampage  .   (no gloves)
Will     .....                  (no boots)
Stlth    ++........             (no amulet)
HPRegen  0.08/turn              (no ring)
MPRegen  0.11/turn              (no ring)

@: very slightly contaminated, slowed, very slow
A: sickness immunity, AC +3, negative energy resistance 1, electricity
resistance, torment resistance 1, petrification resistance
a: no special abilities


You were on level 3 of the Dungeon.
You visited 1 branch of the dungeon, and saw 3 of its levels.

You collected 115 gold pieces.

Inventory:

Hand Weapons
 c - a +1 mace (weapon)
Missiles
 e - 117 stones
Armour
 a - a +1 robe (worn)
Scrolls
 h - a scroll of vulnerability {unknown}
Potions
 d - 2 potions of lignification {unknown}
 f - a potion of might {unknown}
 g - a potion of ambrosia {unknown}


   Skills:
 + Level 1.7 Dodging
 - Level 2.1 Stealth
 * Level 2.9 Spellcasting
 * Level 2.0 Conjurations
 * Level 4.1 Fire Magic


You couldn't memorise any spells.
You knew the following spells:

 Your Spells              Type           Power      Damage    Failure   Level
a - Foxfire               Conj/Fire      48%        2x1d6     4%          1
b - Conjure Flame         Conj/Fire      12%        6-21      16%         3
c - Sticky Flame          Conj/Fire      12%        2d4       45%         4

Your spell library contained the following spells:

 Spells                   Type           Power      Damage    Failure   Level
 Inner Flame              Hex/Fire       9%         N/A       22%         3
 Fireball                 Conj/Fire      6%         3d5       80%         5
 Cause Fear               Hex            1%         N/A       87%         4
 Iskenderun's Battlesphe  Conj           9%         2d6       91%         5
 Iron Shot                Conj/Erth      2%         9d2       100%        6
 Spellforged Servitor     Conj/Summ      2%         N/A       100%        7
 Discord                  Hex            1%         N/A       100%        8


Dungeon Overview and Level Annotations

Branches:
Dungeon (3/15)

Altars:
Elyvilon
Qazlal
Sif Muna

Shops:
D:2 ?

Annotations:
D:3 Crazy Yiuf


Innate Abilities, Weirdness & Mutations

You are immune to sickness and miasma.
Your stone body is resilient. (AC +3)
You are immune to poison.
You resist negative energy. (rN+)
You are resistant to electric shocks. (rElec)
You are resistant to unholy torment.
You are immune to petrification.


Message History

You are very lightly contaminated with residual magic.
Nothing appears to happen.
The foxfire hits Crazy Yiuf but does no damage.
Crazy Yiuf is moderately wounded.
The foxfire hits Crazy Yiuf but does no damage.
Crazy Yiuf is moderately wounded.
Crazy Yiuf closely misses you.
Crazy Yiuf grits, "Candle cower sing!"
Crazy Yiuf hits you with a +3 quarterstaff of chaos.
Casting: Foxfire (safe; 4% risk of failure)
Confirm with . or Enter, or press ? or * to list all spells.
You conjure some foxfire!
Crazy Yiuf hits you with a +3 quarterstaff of chaos.
Unknown command.
Casting: Foxfire (safe; 4% risk of failure)
Confirm with . or Enter, or press ? or * to list all spells.
You conjure some foxfire!
The foxfire hits Crazy Yiuf.
Crazy Yiuf is moderately wounded.
The foxfire hits Crazy Yiuf.
Crazy Yiuf is heavily wounded.
Crazy Yiuf flaps his cloak.
Crazy Yiuf hits you with a +3 quarterstaff of chaos.
Crazy Yiuf burns you. Crazy Yiuf barely misses you.
Casting: Foxfire (safe; 4% risk of failure)
Confirm with . or Enter, or press ? or * to list all spells.
You conjure some foxfire!
The foxfire hits Crazy Yiuf.
Crazy Yiuf is heavily wounded.
The foxfire hits Crazy Yiuf but does no damage.
Crazy Yiuf is heavily wounded.
Crazy Yiuf whimpers, "Hah!"
Crazy Yiuf hits you with a +3 quarterstaff of chaos.
Crazy Yiuf freezes you.
The foxfire hits Crazy Yiuf but does no damage.
Crazy Yiuf is heavily wounded.
The foxfire hits Crazy Yiuf.
Crazy Yiuf is severely wounded.
Crazy Yiuf hits you with a +3 quarterstaff of chaos!
* * * LOW HITPOINT WARNING * * *
Crazy Yiuf burns you.
You die...

...<>#.###..####.## #######.##
####.#.# #........# #.# #.#.#
#.#####.## #.# #.#.# #.....#.#
#.## #.#.# #####.#.# ####...
#.#.######.#..# #......
#.#.......###.## #.#####
#.########.#...#########.# ##.
#........##.#@§..........###..
########.###.g..##########E#..
#.# #....# ####.. #.# #....#
#..... #.# #...## #...._ #.#
##.## #..... #.# #.## ####..
#.# ##.# ### #E#.. #.# #.##
#.#######..


You could see Crazy Yiuf.

Vanquished Creatures
  3 adders
  4 ball pythons
  6 endoplasms
  3 giant cockroaches
  12 goblins
  5 hobgoblins
  4 quokkas
  3 bats
  4 frilled lizards
  10 kobolds
  4 rats
58 creatures vanquished.

Vanquished Creatures (collateral kills)
  2 foxfires (D:1)
2 creatures vanquished.

Vanquished Creatures (others)
  170 foxfires
  A plant (D:1)
171 creatures vanquished.

Grand Total: 231 creatures vanquished

Notes
Turn   | Place    | Note
-------+----------+-------------------------------------------
     0 | D:1      | funkygono the Gargoyle Fire Elementalist began the quest
                  | for the Orb.
     0 | D:1      | Reached XP level 1. HP: 10/10 MP: 3/3
   210 | D:1      | Reached XP level 2. HP: 15/15 MP: 3/5
   931 | D:1      | Found a faded altar of an unknown god.
   942 | D:1      | Reached XP level 3. HP: 19/19 MP: 4/6
  1346 | D:1      | Learned a level 3 spell: Conjure Flame
  1892 | D:2      | Found Ekob's Magic Scroll Emporium.
  2122 | D:2      | Reached skill level 4 in Fire Magic
  2222 | D:2      | Reached XP level 4. HP: 24/24 MP: 0/7
  2461 | D:2      | You fall into a shaft and drop 1 floor!
  2633 | D:2      | Learned a level 4 spell: Sticky Flame
  2684 | D:3      | Found a white marble altar of Elyvilon.
  2819 | D:3      | Found a shimmering blue altar of Sif Muna.
  3075 | D:3      | Noticed an air elemental
  3085 | D:3      | Found a stormy altar of Qazlal.
  3092 | D:3      | Noticed an earth elemental
  3093 | D:3      | Noticed a water elemental
  3093 | D:3      | Noticed a fire elemental
  3197 | D:3      | Found a runed translucent door.
  3198 | D:3      | Noticed Crazy Yiuf
  3484 | D:3      | Slain by Crazy Yiuf

Illustrated notes

Levels and vault maps discovered:
D:1:      lightli_arrival_flooded_house, layout_loops_cross, serial_forest,
          infiniplex_forest_clump_cross, infiniplex_forest_lined_2,
          infiniplex_forest_clump_small, infiniplex_forest_end_1,
          infiniplex_forest_lined_room_, infiniplex_forest_end_double,
          chequers_ecumenical_altar_grove, minmay_misc_feat_chi, nrook_uturn,
          due_unseen_surprise
D:2:      layout_loops_corners, serial_shops, nicolae_shop_behind_doors
D:3:      layout_loops_ring, nicolae_qazlal_style_of_elements, elyvilon_altar_5,
          nicolae_sif_muna_little_library, minmay_diced_spiral,
          uniq_crazy_yiuf_cottage

Skill      XL: |  1  2  3  4 |
---------------+-------------+-----
Fire Magic     | 4 |  4.1
Conjurations   | 2 |  2.0
Dodging        | |  1.7
Stealth        | |  2.1
Spellcasting   | |  2.9

Action                   |  1- 3 |  4- 6 || total
-------------------------+-------+-------++-------
Melee: Mace              |     1 |     4 ||     5
 Cast: Foxfire           |    69 |    35 ||   104
  Use: Scroll            |     2 |     2 ||     4
       Potion            |       |     1 ||     1
Armor: Robe              |    13 |     2 ||    15
Dodge: Dodged            |    19 |    10 ||    29
